 Dungeon Crawl Stone Soup version 0.31-a0-460-g9e667d4245 (webtiles) character file.

Game seed: 17393062943174252409

1636 Pooter the Cleaver (level 8, -1/71 HPs)
             Began as a Minotaur Berserker on Aug 4, 2023.
             Was a Priest of Trog.
             Slain by a gnoll
             ... wielding a +1 whip of venom
             ... led by a gnoll bouda
              (5 damage)
             ... on level 6 of the Dungeon.
             The game lasted 00:18:42 (5226 turns).

Pooter the Cleaver (Minotaur Berserker)             Turns: 5226, Time: 00:18:43

Health: -1/71      AC: 14    Str: 31    XL:     8   Next: 66%
Magic:  6/6        EV:  8    Int:  6    God:    Trog [***...]
Gold:   23         SH:  0    Dex: 12    Spells: 7/7 levels left

rFire   . . .        f - +2 scythe (holy)
rCold   . . .        (shield currently unavailable)
rNeg    . . .        k - +0 plate armour
rPois   .            (helmet unavailable)
rElec   .            (no cloak)
rCorr   .            (no gloves)
SInv    .            l - +2 pair of boots of the Original Sin {Int+2 Dex+3}
Will    +....        (no amulet) Stlth
                     h - ring of willpower
HPRegen 0.31/turn    q - +6 ring of strength
MPRegen 0.10/turn

%: no passive effects
@: lethally poisoned (-1 -> -17), weakened, on berserk cooldown, slowed, very
slow
A: horns 3, retaliatory headbutt, low MP 1
a: Renounce Religion, Berserk, Trog's Hand


You were on level 6 of the Dungeon.
You worshipped Trog.
Trog was most pleased with you.
You visited 1 branch of the dungeon, and saw 7 of its levels.

You collected 272 gold pieces.
You spent 249 gold pieces at shops.

Inventory:

Hand Weapons
 a - a +1 dire flail of freezing
   (You took it off a wight on level 6 of the Dungeon)
 f - a +2 scythe of holy wrath (weapon)
   (You took it off Sigmund on level 2 of the Dungeon)
 m - the +1 whip of Forgiveness {flame, Fly rCorr Int-4}
   (You found it on level 4 of the Dungeon)

   Int:       It affects your intelligence (-4).
   Fly:       It grants you flight.
   rCorr:     It protects you from acid and corrosion.
 w - a +5 trident
   (You took it off a wight on level 6 of the Dungeon)
 x - a +0 hand axe
Missiles
 c - 5 curare-tipped darts
 d - 2 boomerangs (quivered)
 g - 3 poisoned darts
 Q - 37 stones
Armour
 e - a +0 buckler
   (You found it on level 2 of the Dungeon)
 k - a +0 plate armour (worn)
   (You found it on level 3 of the Dungeon)
 l - the +2 pair of boots of the Original Sin (worn) {Int+2 Dex+3}
   (You found it on level 2 of the Dungeon)

   Int:       It affects your intelligence (+2).
   Dex:       It affects your dexterity (+3).
Jewellery
 h - a ring of willpower (left hand)
   (You found it on level 1 of the Dungeon)
 q - a +6 ring of strength (right hand)
   (You found it on level 5 of the Dungeon)
 v - a +6 ring of intelligence
   (You found it on level 6 of the Dungeon)
 S - a ring of see invisible
   (You bought it in a shop on level 6 of the Dungeon)
Wands
 p - a wand of quicksilver (4)
   (You found it on level 5 of the Dungeon)
 y - a wand of polymorph (2)
   (You found it on level 6 of the Dungeon)
Scrolls
 b - 2 scrolls of vulnerability {!r}
 i - 2 scrolls of enchant weapon {unknown}
 j - a scroll of revelation
 n - a scroll of poison {unknown}
 r - a scroll of noise {unknown}
 t - 6 scrolls of teleportation {@r4}
 u - 2 scrolls of fog
Potions
 o - a potion of brilliance {unknown}
 s - 2 potions of mutation {!q}


   Skills:
 + Level 6.8 Fighting
 * Level 9.2 Axes
 - Level 2.4 Armour
 - Level 2.1 Dodging
 * Level 6.2 Stealth


You had 7 spell levels left.
You didn't know any spells.
Your spell library was empty.

Dungeon Overview and Level Annotations

Branches:
Dungeon (7/15) Zot: 26985  Temple (0/1) D:5

Altars:
Kikubaaqudgha
Makhleb
Ru
Sif Muna
Trog
Xom

Shops:
D:3 (?   D:4 :   D:6 =

Annotations:
D:4 1 runed translucent door, Crazy Yiuf
D:6 3 runed translucent doors, LeprechaunX's ghost, novice OpSh; randomguy2701's ghost, novice MiFi
D:7 Menkaure


Innate Abilities, Weirdness & Mutations

You have a pair of large horns on your head.
You reflexively headbutt those who attack you in melee.
Your magical capacity is low. (-10% MP)


Message History

You feel very sick.
There is a stone staircase leading down here.
You closely miss the gnoll bouda.
You feel very sick. The howler monkey hits you. The gnoll closely misses you.
The gnoll bouda hits you with a +0 whip.
* * * LOW HITPOINT WARNING * * *
The gnoll barely misses you. You furiously retaliate!
You headbutt the gnoll! The howler monkey hits you.
* * * LOW HITPOINT WARNING * * *
The gnoll hits you but does no damage.
You are more poisoned.
The gnoll bouda barely misses you. You furiously retaliate!
You headbutt the gnoll bouda. The gnoll hits you with a +0 flail.
* * * LOW HITPOINT WARNING * * *
You closely miss the gnoll bouda. You headbutt the gnoll bouda!
You feel very sick. The howler monkey barely misses you.
The gnoll hits you with a +1 whip of venom.
* * * LOW HITPOINT WARNING * * *
The gnoll bouda gazes fiercely through you!
You feel your attacks grow feeble. The gnoll bouda barely misses you.
The gnoll barely misses you.
The howler monkey hits you but does no damage.
The gnoll hits you with a +1 whip of venom.
* * * LOW HITPOINT WARNING * * *
The gnoll bouda utters an invocation to its god.
The gnoll bouda is healed somewhat.
You slash the gnoll bouda!
You kill the gnoll bouda!
Trog accepts your kill.
You feel very sick.
The howler monkey hits you but does no damage.
The gnoll barely misses you. The gnoll hits you but does no damage.
You are more poisoned.
The howler monkey hoots and howls with incredible vigour!
The gnoll hits you but does no damage. The howler monkey barely misses you.
You furiously retaliate!
You headbutt the howler monkey!
The gnoll hits you with a +1 whip of venom.
* * * LOW HITPOINT WARNING * * *
You are more poisoned.
Okay, then.
It was a potion of mutation.
You feel extremely strange. The horns on your head grow some more.
You feel less energetic.
* * * LOW HITPOINT WARNING * * *
You feel extremely sick. The gnoll hits you but does no damage.
The howler monkey hits you but does no damage.
The gnoll hits you with a +1 whip of venom.
You die...

##......# #.#.#.# #...>..##
###.#.#.### ###.#.).# #.........#
#.###.####.##.##.### #.#
#^..##.##.##.# #.#
###..#.##.##.#### ##.#
##...##.......# ##..#
#..###.h.....# #..##
###...#)@......##### #.##
#[....#g#g.).......## #.#
#.###...###.######..# #.# #.#
##........#####.##### ##.# #.#
#........§≈≈≈§.≈≈≈≈≈ ...# ###.#
#........§####'####≈ .######..>#
###.......##≈≈≈.≈§≈## .........##
#......)..#⌠≈....§≈⌠#
....##...####.####.##.##≈.._..≈##


You could see a howler monkey and 2 gnolls.

Vanquished Creatures
  Sigmund (D:2)
  A black bear (D:5)
  An ogre (D:6)
  A phantom (D:5)
  4 scorpions
  3 wights (D:6)
  A howler monkey (D:4)
  2 orc priests
  A gnoll bouda (D:6)
  5 hounds
  4 sleepcaps
  Jessica (D:2)
  7 iguanas
  4 orc wizards
  4 gnolls
  7 adders
  2 white imps (D:6)
  An ufetubus (D:6)
  4 worms
  A dart slug (D:2)
  12 orcs
  5 ball pythons
  7 endoplasms
  3 giant cockroaches
  6 goblins
  5 hobgoblins
  3 kobolds
  3 quokkas
  5 bats
  12 frilled lizards
  7 rats
123 creatures vanquished.

Notes
Turn   | Place    | Note
-------+----------+-------------------------------------------
     0 | D:1      | Pooter the Minotaur Berserker began the quest for the Orb.
     0 | D:1      | Reached XP level 1. HP: 19/19 MP: 0/0
   338 | D:1      | Found a faded altar of an unknown god.
   690 | D:2      | Reached XP level 2. HP: 24/27 MP: 1/1
   731 | D:2      | Reached skill level 4 in Axes
   738 | D:2      | Found a burning altar of Makhleb.
   788 | D:2      | Reached skill level 1 in Stealth
  1234 | D:2      | Reached XP level 3. HP: 33/33 MP: 2/2
  1295 | D:2      | Reached ** piety under Trog
  1345 | D:2      | Noticed Jessica
  1345 | D:2      | Noticed Sigmund
  1363 | D:2      | Killed Sigmund
  1364 | D:2      | Reached skill level 5 in Axes
  1364 | D:2      | Reached XP level 4. HP: 41/41 MP: 3/3
  1365 | D:2      | Killed Jessica
  1366 | D:2      | Reached XP level 5. HP: 44/47 MP: 4/4
  1427 | D:2      | Identified the +2 pair of boots of the Original Sin {Int+2
                  | Dex+3}
  1510 | D:3      | Found Buskeh's Antique Weapon Shoppe.
  1612 | D:3      | Found The Oracle's Delphic Readings.
  1616 | D:3      | Bought a scroll of identify for 24 gold pieces
  1786 | D:3      | Found a shimmering altar of Xom.
  1900 | D:3      | Reached XP level 6. HP: 39/55 MP: 5/5
  2011 | D:3      | Reached skill level 6 in Axes
  2206 | D:3      | Reached skill level 5 in Fighting
  2383 | D:4      | Reached *** piety under Trog
  2742 | D:4      | Found Ysmorchy's Book Shop.
  2855 | D:4      | Reached XP level 7. HP: 45/61 MP: 6/6
  2985 | D:4      | Identified the +1 whip of Forgiveness {flame, Fly rCorr
                  | Int-4}
  3041 | D:4      | Found a runed translucent door.
  3042 | D:4      | Noticed Crazy Yiuf
  3107 | D:4      | Found a sacrificial altar of Ru.
  3390 | D:4      | Found a shimmering blue altar of Sif Muna.
  3464 | D:5      | Entered Level 5 of the Dungeon
  3629 | D:5      | Reached skill level 7 in Axes
  3985 | D:5      | Reached skill level 5 in Stealth
  4028 | D:5      | Found a staircase to the Ecumenical Temple.
  4062 | D:5      | Reached skill level 8 in Axes
  4062 | D:5      | Reached XP level 8. HP: 70/70 MP: 7/7
  4682 | D:6      | Found Pohijor's Jewellery Shop.
  4750 | D:6      | Reached skill level 9 in Axes
  4830 | D:6      | Bought a ring of see invisible for 225 gold pieces
  4865 | D:6      | Found an ancient bone altar of Kikubaaqudgha.
  4996 | D:6      | Found a runed translucent gate.
  4996 | D:6      | Found a runed translucent gate.
  4996 | D:6      | Found a runed translucent gate.
  4997 | D:6      | Noticed randomguy2701's ghost (novice MiFi)
  4998 | D:6      | Noticed LeprechaunX's ghost (novice OpSh)
  5025 | D:6      | Found a bloodstained altar of Trog.
  5215 | D:7      | Noticed Menkaure
  5226 | D:6      | Gained mutation: You have a pair of large horns on your
                  | head. [potion of mutation]
  5226 | D:6      | Gained mutation: Your magical capacity is low. (-10% MP)
                  | [potion of mutation]
  5226 | D:6      | Slain by a gnoll

Illustrated notes

Levels and vault maps discovered:
D:1:      minmay_arrival_plants_in_alcoves, layout_basic,
          shapermc_ecumenical_altar_totnotflames
D:2:      layout_basic, basic_altar, minmay_lizard_pond, uniq_sigmund,
          uniq_jessica
D:3:      minmay_diamond_boxcup, layout_loops_cross,
          mainiacjoe_overflow_brackets, serial_shops, shop,
          nicolae_nh_oracle_at_delphi
D:4:      layout_rooms, kennysheep_mini, led_sif_pool, serial_shops,
          nicolae_shop_tiny_real_fake_doors, grunt_ministairs_12, minivault_23,
          nicolae_hexahallways, minmay_door_square, uniq_crazy_yiuf_cottage
D:5:      layout_basic, minmay_temple_entry_overgrown,
          nicolae_twisty_statue_hallways
D:6:      layout_rooms, kiku_gazebo_garden_becter, lightli_temple_of_fire,
          gammafunk_ghost_cemetery, serial_glass, glass_columns_b,
          glass_columns_a, serial_shops, shop
D:7:      layout_cave_pools, mainiacjoe_overflow_alcove_4, grunt_ministairs_10,
          pf_guarded_unrand_meek, uniq_menkaure, uniq_prince_ribbit1

Skill      XL: |  1  2  3  4  5  6  7  8 |
---------------+-------------------------+-----
Axes           | 4 5 6 8 9 |  9.2
Stealth        | 1 2 3 4 5 6 |  6.2
Fighting       | 4 5 6 |  6.8
Armour         | |  2.4
Dodging        | |  2.1

Action                     |  1- 3 |  4- 6 |  7- 9 || total
---------------------------+-------+-------+-------++-------
  Melee: Hand axe          |    62 |     4 |       ||    66
         Headbutt          |     8 |    18 |    20 ||    46
         Halberd           |       |   132 |   105 ||   237
  Throw: Boomerang         |       |     1 |     5 ||     6
         Dart              |       |     1 |       ||     1
 Invoke: Trog's Hand       |     1 |     2 |     2 ||     5
         Berserk           |     1 |       |     2 ||     3
    Use: Scroll            |     3 |     1 |     2 ||     6
         Potion            |       |       |     1 ||     1
 Armour: Scale mail        |    25 |       |       ||    25
         Animal skin       |     1 |       |       ||     1
         Plate armour      |       |    85 |    57 ||   142
  Dodge: Dodged            |    20 |    43 |    45 ||   108
  Block: Buckler           |     9 |       |       ||     9

Table legend: (Time is in decaauts)
 A = Elapsed time spent in this place.
 B = Non-inter-level travel time spent in this place.
 C = Inter-level travel time spent in this place.
 D = Time resting spent in this place.
 E = Time spent auto-exploring this place.
 F = Levels seen in this place.
 G = Mean time per level.
                   A        B        C        D        E       F      G
               +--------+--------+--------+--------+--------+-----+--------+
         Total |   5329 |   5134 |    195 |    415 |   3865 |   7 |  761.3 |
       Dungeon |   5329 |   5134 |    195 |    415 |   3865 |   7 |  761.3 |
               +--------+--------+--------+--------+--------+-----+--------+

Top non-repeatable levels by time:
     D:4: 1167 daAuts
     D:5: 1106 daAuts
     D:2: 881 daAuts
     D:3: 862 daAuts
     D:6: 688 daAuts
     D:1: 617 daAuts
     D:7: 5 daAuts
